 Dungeon Crawl Stone Soup version 0.31-a0-917-ga885b83477 (webtiles) character file.

Game seed: 12224883229827802482

3823 EiAlmux the Thaumaturge (level 9, -2/52 HPs)
             Began as a Deep Elf Conjurer on Oct 17, 2023.
             Was a Priest of Vehumet.
             Slain by a steam dragon (10 damage)
             ... on level 9 of the Dungeon.
             The game lasted 00:30:58 (9786 turns).

EiAlmux the Thaumaturge (Deep Elf Conjurer)         Turns: 9786, Time: 00:30:59

Health: -2/52      AC:  5    Str: 12    XL:     9   Next: 97%
Magic:  0/25       EV: 13    Int: 26    God:    Vehumet [***...]
Gold:   346        SH:  0    Dex: 13    Spells: 17/28 levels left

rFire   + . .        q - +1 dagger (pain)
rCold   x . .        h - orb {mayhem}
rNeg    . . .        a - +0 robe
rPois   .            n - +1 helmet
rElec   .            (no cloak)
rCorr   .            i - +0 pair of gloves
SInv    .            (no boots)
Will    .....        t - amulet of guardian spirit
Stlth   ++++         r - ring of fire
HPRegen 0.28/turn    G - +6 ring of strength
MPRegen 0.19/turn

%: mayhem, guardian spirit
@: brilliant
A: no striking features
a: Renounce Religion


You were on level 9 of the Dungeon.
You worshipped Vehumet.
Vehumet was most pleased with you.
You visited 2 branches of the dungeon, and saw 11 of its levels.
You also visited: Ossuary.

You collected 346 gold pieces.

Inventory:

Hand Weapons
 q - a +1 dagger of pain (weapon)
Armour
 a - a +0 robe (worn)
 h - an orb of mayhem (worn)
 i - a +0 pair of gloves (worn)
 n - a +1 helmet (worn)
Magical Staves
 k - a staff of earth
 p - a staff of air
Jewellery
 r - a ring of fire (left hand)
 t - an amulet of guardian spirit (around neck)
 G - a +6 ring of strength (right hand)
Wands
 D - a wand of flame (24)
 E - a wand of roots (6)
Scrolls
 c - 2 scrolls of vulnerability {unknown}
 f - a scroll of acquirement {unknown}
 o - a scroll of summoning
 u - 2 scrolls of revelation
 w - a scroll of amnesia {unknown}
 x - 2 scrolls of immolation {unknown}
 y - 4 scrolls of enchant weapon {unknown}
 B - a scroll of fog {unknown}
Potions
 b - 2 potions of haste {unknown}
 d - a potion of mutation {unknown}
 e - 2 potions of attraction
 j - a potion of cancellation
 l - a potion of enlightenment
 s - 5 potions of curing
 v - a potion of berserk rage
 z - 2 potions of heal wounds {unknown}
 A - a potion of might {unknown}
 C - a potion of ambrosia {unknown}
 H - a potion of degeneration {unknown}


   Skills:
 - Level 4.0 Fighting
 - Level 5.0 Dodging
 + Level 7.8 Stealth
 + Level 10.2 Spellcasting
 + Level 9.4 Conjurations
 - Level 4.0 Hexes
 - Level 2.0 Translocations
 * Level 2.4 Fire Magic


You had 17 spell levels left.
You knew the following spells:

 Your Spells              Type           Power      Damage    Failure   Level
a - Magic Dart            Conj           100%       1d8       1%          1
b - Searing Ray           Conj           100%       2d8       1%          2
c - Fulminant Prism       Conj/Hex       32%        3d16      1%          4
d - Iskenderun's Mystic   Conj/Tloc      59%        2d12      1%          4

Your spell library contained the following spells:

 Spells                   Type           Power      Damage    Failure   Level
 Ignite Poison            Fire/Tmut/Pois 39%        N/A       2%          3
 Apportation              Tloc           70%        N/A       1%          1
 Poisonous Vapours        Pois/Air       40%        N/A       1%          2
 Dazzling Flash           Conj/Hex       100%       N/A       1%          3
 Volatile Blastmotes      Fire/Tloc      100%       2d18      1%          3
 Necrotise                Necr           80%        1d8       4%          1
 Sting                    Tmut/Pois      80%        1d7       4%          1
 Summon Small Mammal      Summ           80%        N/A       4%          1
 Olgreb's Toxic Radiance  Pois           20%        N/A       12%         4
 Ozocubu's Armour         Ice            20%        N/A       14%         3
 Starburst                Conj/Fire      39%        6d11      16%         6
 Metabolic Englaciation   Hex/Ice        17%        N/A       50%         5
 Simulacrum               Ice/Necr       10%        N/A       100%        6
 Maxwell's Capacitive Co  Air            10%        ∞         100%        8


Dungeon Overview and Level Annotations

Branches:
Dungeon (11/15)            Temple (1/1) D:4             Orc (0/2) D:11
Ossuary (visited)
   Lair: D:8-11

Altars:
Ashenzari
Cheibriados
Dithmenos
Elyvilon
Fedhas
Gozag
Hepliaklqana
Kikubaaqudgha
Okawaru
Qazlal
Ru
Sif Muna
Trog
Uskayaw
Vehumet
Wu Jian
Yredelemnul
Zin
The Shining One

Shops:
D:5 (   D:6 [

Annotations:
D:4 exclusion: ogre, Eustachio
D:5 Pikel
D:9 Maurice


Message History

The killer bee stings you.
The killer bee is engulfed in a cloud of scalding steam.
The killer bee stings you but does no damage.
Casting: Iskenderun's Mystic Blast (dangerous; 1% risk of failure)
Confirm with . or Enter, or press ? or * to list all spells.
You feel a surge of power!
You erupt in a blast of force!
The mystic blast hits the killer bee!
You kill the killer bee!
Vehumet accepts your kill.
Vehumet offers you knowledge of Ignite Poison.
You feel your power returning.
The steam dragon flies into a frenzy!
Press: ? - help, v - describe, . - travel
Here: a steam dragon (fast, strong, frenzied and wild)
The floor.
The steam dragon hisses angrily.
Casting: Iskenderun's Mystic Blast (dangerous; 1% risk of failure)
Confirm with . or Enter, or press ? or * to list all spells.
You feel a surge of power!
You erupt in a blast of force!
The mystic blast hits the steam dragon.
The steam dragon is moderately wounded.
The steam dragon is knocked back by the mystic blast.
The steam dragon hisses angrily.
Casting: Iskenderun's Mystic Blast (dangerous; 1% risk of failure)
Confirm with . or Enter, or press ? or * to list all spells.
You don't have enough magic to cast this spell.
Okay, then.
Okay, then.
Okay, then.
As you read the scroll labelled VEODAS JOG, it crumbles to dust.
It is a scroll of enchant armour.
Your +0 helmet glows green for a moment.
The steam dragon barely misses you. The steam dragon closely misses you.
As you read the scroll labelled ODAMUTA QILUA, it crumbles to dust.
Wisps of shadow whirl around you...
It was a scroll of summoning.
The steam dragon bites you!
* * * LOW HITPOINT WARNING * * *
The steam dragon claws you.
* * * LOW HITPOINT WARNING * * *
The steam dragon bites you!
You die...

.. #. ### #.###
...#o..######
###.#....#...##
.....y........#
#oo.†.......
#o.@D.......
###.........
#o.l.....#
8...#...##
...#######
....# .#.8##
#.#⌠#


You could see a neutral steam dragon (fast, strong, frenzied, ally target), a
friendly hornet (summoned), a friendly wyvern (summoned), a friendly orc wizard
(summoned) and 4 friendly orcs.

Vanquished Creatures
  Joseph (D:9)
  Jeremiah (D:6)
  Prince Ribbit (D:9)
  A wyvern (D:9)
  2 shadows (D:9)
  An ice beast (D:5)
  An orc warrior (D:6)
  A sky beast (D:7)
  4 ogres
  2 centaurs
  3 lemures
  A kobold brigand (D:10)
  A phantom (D:6)
  2 bullfrogs (D:7)
  A gnoll sergeant (D:7)
  2 scorpions
  8 wights
  2 killer bees
  2 howler monkeys (D:9)
  A hound (D:4)
  3 jellies
  An orc priest (D:5)
  4 iguanas
  4 orc wizards
  A mummy (Ossuary)
  Robin (D:3)
  5 gnolls
  7 adders
  3 shadow imps
  4 ufetubi
  A worm (D:3)
  4 dart slugs
  33 orcs
  8 spectral bats (Ossuary)
  7 ball pythons
  6 endoplasms
  5 giant cockroaches
  12 gnoll zombies (Ossuary)
  11 hobgoblins
  12 kobolds
  2 quokkas
  3 bats
  2 bat simulacra (Ossuary)
  5 frilled lizards
  12 goblins
  4 goblin simulacra (Ossuary)
  7 goblin zombies (Ossuary)
  5 hobgoblin zombies (Ossuary)
  4 kobold simulacra (Ossuary)
  3 kobold zombies (Ossuary)
  3 orc zombies (Ossuary)
  8 rats
  2 rat simulacra (Ossuary)
  2 spectral goblins (Ossuary)
  3 spectral kobolds (Ossuary)
  A spectral rat (Ossuary)
236 creatures vanquished.

Vanquished Creatures (collateral kills)
  A kobold (D:9)
1 creature vanquished.

Vanquished Creatures (others)
  A kobold brigand (D:9)
  35 fulminant prisms
36 creatures vanquished.

Grand Total: 273 creatures vanquished

Notes
Turn   | Place    | Note
-------+----------+-------------------------------------------
     0 | D:1      | EiAlmux the Deep Elf Conjurer began the quest for the Orb.
     0 | D:1      | Reached XP level 1. HP: 10/10 MP: 6/6
   214 | D:1      | Reached skill level 1 in Hexes
   299 | D:1      | Reached XP level 2. HP: 15/15 MP: 6/8
   302 | D:1      | Learned a level 2 spell: Searing Ray
   957 | D:2      | Reached XP level 3. HP: 19/19 MP: 5/9
  1382 | D:2      | Found a stormy altar of Qazlal.
  1727 | D:2      | Found a faded altar of an unknown god.
  1923 | D:3      | Reached XP level 4. HP: 24/24 MP: 2/11
  2413 | D:3      | Reached skill level 4 in Spellcasting
  2628 | D:3      | Noticed Robin
  2677 | D:3      | Killed Robin
  2678 | D:3      | Reached skill level 5 in Conjurations
  2678 | D:3      | Reached XP level 5. HP: 28/28 MP: 0/13
  3283 | D:4      | Noticed an ogre
  3520 | D:4      | Reached skill level 5 in Spellcasting
  3520 | D:4      | Reached XP level 6. HP: 32/32 MP: 11/15
  3922 | D:4      | Reached skill level 5 in Stealth
  3996 | D:4      | Learned a level 4 spell: Fulminant Prism
  4036 | D:4      | Noticed Eustachio
  4205 | D:4      | Found a staircase to the Ecumenical Temple.
  4215 | Temple   | Entered the Ecumenical Temple
  4226 | Temple   | Became a worshipper of Vehumet
  4356 | D:5      | Entered Level 5 of the Dungeon
  4378 | D:5      | Noticed an ice beast
  4383 | D:5      | Killed an ice beast
  4384 | D:5      | Reached skill level 1 in Fighting
  4384 | D:5      | Reached XP level 7. HP: 38/38 MP: 7/17
  4498 | D:5      | Reached skill level 6 in Spellcasting
  4941 | D:5      | Reached skill level 1 in Translocations
  4999 | D:5      | Noticed Pikel
  5106 | D:5      | Found Yziass's Weapon Shoppe.
  5355 | D:6      | Found a sand-covered staircase.
  5366 | Ossuary  | Entered an ossuary
  5588 | Ossuary  | Reached * piety under Vehumet
  5588 | Ossuary  | Offered knowledge of Kiss of Death by Vehumet.
  6056 | Ossuary  | Reached ** piety under Vehumet
  6056 | Ossuary  | Offered knowledge of Sandblast by Vehumet.
  6305 | D:6      | Learned a level 4 spell: Iskenderun's Mystic Blast
  6329 | D:6      | Reached XP level 8. HP: 46/46 MP: 5/19
  6506 | D:6      | Found a hide-covered altar of Uskayaw.
  6597 | D:6      | Found Cimaipt's Armour Shop.
  6735 | D:6      | Noticed Jeremiah
  7022 | D:6      | Reached skill level 7 in Spellcasting
  7034 | D:6      | Reached skill level 5 in Dodging
  7549 | D:6      | Killed Jeremiah
  7549 | D:6      | Offered knowledge of Static Discharge by Vehumet.
  7550 | D:6      | Reached skill level 8 in Spellcasting
  7596 | D:6      | Reached XP level 9. HP: 43/52 MP: 2/23
  7861 | D:6      | Found a stormy altar of Qazlal.
  8122 | D:7      | Reached skill level 9 in Spellcasting
  8279 | D:7      | Found a bloodstained altar of Trog.
  8391 | D:7      | Reached *** piety under Vehumet
  8727 | D:7      | You fall into a shaft and drop 3 floors!
  8727 | D:10     | Entered Level 10 of the Dungeon
  8785 | D:9      | Noticed Joseph
  8815 | D:9      | Killed Joseph
  9121 | D:9      | Reached skill level 10 in Spellcasting
  9204 | D:9      | Noticed Prince Ribbit
  9205 | D:9      | Noticed Maurice
  9218 | D:9      | Killed Prince Ribbit
  9219 | D:9      | Reached skill level 1 in Fire Magic
  9440 | D:10     | Noticed a centaur warrior
  9782 | D:9      | Offered knowledge of Ignite Poison by Vehumet.
  9786 | D:9      | Slain by a steam dragon

Illustrated notes

Levels and vault maps discovered:
D:1:      roderic_octagonal_star, layout_basic
D:2:      minmay_skewed_foursquare, layout_basic, basic_altar,
          dreamdust_ecumenical_altar_statues
D:3:      layout_loops_ring, uniq_robin
D:4:      layout_basic, minmay_temple_entry_junction, uniq_eustachio
D:5:      layout_cave_pods, serial_shops, nicolae_shop_bloodbath_and_beyond,
          uniq_pikel
D:6:      layout_gridville, lemuel_coloured_pillars_altar,
          nicolae_uskayaw_suspiria, serial_shops, shop,
          nicolae_ossuary_entry_false_entrances, grunt_ministairs_10,
          uniq_jeremiah
D:7:      layout_basic, mainiacjoe_overflow_cross_hatched
D:9:      layout_rooms, minitemple, erik_lair_dragon, serial_shops, shop,
          uniq_prince_ribbit1, uniq_joseph, uniq_maurice
D:10:     layout_rooms, nicolae_eternal_life, chequers_serial_rivers_micro_d
D:11:     layout_stronghold, orc_0_dummy,
          nicolae_dithmenos_through_a_glass_darkly, uniq_urug
Temple:   eino_temple_rhombus

Skill      XL: |  1  2  3  4  5  6  7  8  9 |
---------------+----------------------------+-----
Hexes          | 1 2 3 4 |  4.0
Stealth        | 3 4 5 7 |  7.8
Spellcasting   | 4 5 6 8 10 | 10.2
Conjurations   | 5 6 8 9 |  9.4
Fighting       | 1 3 4 |  4.0
Dodging        | 3 4 5 |  5.0
Translocations | 1 2 |  2.0
Fire Magic     | 2 |  2.4

Action                     |  1- 3 |  4- 6 |  7- 9 || total
---------------------------+-------+-------+-------++-------
  Melee: Dagger            |     6 |    12 |     7 ||    25
         Punch             |       |     1 |       ||     1
   Cast: Magic Dart        |    73 |   142 |   159 ||   374
         Searing Ray       |     2 |     8 |    40 ||    50
         Fulminant Prism   |       |     1 |    35 ||    36
         Iskenderun's Myst |       |       |     9 ||     9
    Use: Scroll            |       |     1 |    16 ||    17
         Potion            |       |       |     2 ||     2
 Armour: Robe              |     6 |    29 |    87 ||   122
  Dodge: Dodged            |     9 |    30 |    85 ||   124

Table legend: (Time is in decaauts)
 A = Elapsed time spent in this place.
 B = Non-inter-level travel time spent in this place.
 C = Inter-level travel time spent in this place.
 D = Time resting spent in this place.
 E = Time spent auto-exploring this place.
 F = Levels seen in this place.
 G = Mean time per level.
                   A        B        C        D        E       F      G
               +--------+--------+--------+--------+--------+-----+--------+
         Total |   9817 |   9338 |    479 |   1368 |   6430 |  12 |  818.1 |
       Dungeon |   8868 |   8399 |    469 |   1368 |   5647 |  10 |  886.8 |
        Temple |     17 |      7 |     10 |      0 |      0 |   1 |   17.0 |
       Ossuary |    931 |    931 |      0 |      0 |    783 |   1 |  931.0 |
               +--------+--------+--------+--------+--------+-----+--------+

Top non-repeatable levels by time:
     D:6: 1533 daAuts
     D:3: 1471 daAuts
     D:4: 1279 daAuts
     D:2: 993 daAuts
 Ossuary: 931 daAuts
     D:1: 921 daAuts
     D:7: 825 daAuts
     D:5: 758 daAuts
    D:10: 597 daAuts
     D:9: 354 daAuts
    D:11: 132 daAuts
  Temple: 17 daAuts
